 Dungeon Crawl Stone Soup version 0.25-a0-589-g1e14c549ee (webtiles) character file.

Game seed: 10131337846523008689, levelgen mode: deterministic

28 Forecaster the Magician (level 3, 0/28 HPs)
             Began as a Naga Wizard on Mar 10, 2020.
             Slain by an adder (3 damage)
             ... on level 2 of the Dungeon.
             The game lasted 00:05:42 (1569 turns).

Forecaster the Magician (Naga Wizard)               Turns: 1569, Time: 00:05:43

Health: 0/28       AC:  2    Str: 10    XL:     3   Next: 12%
Magic:  2/8        EV:  9    Int: 18    God:
Gold:   50         SH:  0    Dex:  9    Spells: 4/9 levels left

rFire    . . .     SeeInvis +   l - +0 dagger
rCold    . . .     Gourm    .   (no shield)
rNeg     . . .     Faith    .   j - +0 leather armour
rPois    +         Spirit   .   b - +0 hat
rElec    .         Reflect  .   (no cloak)
rCorr    .         Harm     .   (no gloves)
MR       .....                  (no barding)
Stlth    ++........             (no amulet)
HPRegen  0.09/turn              (no ring)
MPRegen  0.11/turn              (no ring)

@: very slow
A: large, see invisible, deformed body, poison resistance, slowness 2, slow
metabolism 1, spit poison 1, AC +1
a: Spit Poison


You were on level 2 of the Dungeon.
You were hungry.

You visited 1 branch of the dungeon, and saw 2 of its levels.

You collected 50 gold pieces.

Inventory:

Hand Weapons
 k - a +0 spear
 l - a +0 dagger (weapon)
Missiles
 g - 22 bolts
 i - 23 stones (quivered)
 o - 24 sling bullets
Armour
 a - a +0 robe
 b - a +0 hat (worn)
 j - a +0 leather armour (worn)
Scrolls
 e - 2 scrolls of identify {unknown}
 f - a scroll of fear {unknown}
Potions
 c - a potion of berserk rage {unknown}
 h - a potion of invisibility {unknown}
 m - 2 potions of magic {unknown}
 n - a potion of curing {unknown}
Comestibles
 d - 4 rations


   Skills:
 + Level 2.0 Dodging
 + Level 3.0 Stealth
 + Level 3.6 Spellcasting
 + Level 1.0 Conjurations
 + Level 1.0 Summonings
 + Level 1.1 Translocations


You had 4 spell levels left.
You knew the following spells:

 Your Spells              Type           Power        Failure   Level  Hunger
a - Magic Dart            Conj           #...         14%         1    None
b - Call Imp              Summ           #.......     21%         2    ##.....
c - Blink                 Tloc           N/A          21%         2    ##.....

Your spell library contained the following spells:

 Spells                   Type           Power        Failure   Level  Hunger
 Slow                     Hex            #.......     32%         2    ##.....
 Conjure Flame            Conj/Fire      #.......     45%         3    ###....
 Mephitic Cloud           Conj/Pois/Air  #.......     47%         3    ###....


Dungeon Overview and Level Annotations

Branches:
Dungeon (2/15)

Altars:


Innate Abilities, Weirdness & Mutations

You cannot wear boots.
Your serpentine skin is tough. (AC +1)
You have supernaturally acute eyesight. (SInv)
Armour fits poorly on your strangely shaped body.
Your system is resistant to poisons. (rPois)
You cover ground very slowly.
You have a slow metabolism.
You can spit poison.


Message History

Your crimson imp blinks!
The adder bites you.
Your crimson imp closely misses the adder.
Your crimson imp hits the gnoll.
Your crimson imp blinks!
The gnoll hits your crimson imp with a +0 flail!
The adder bites you.
The gnoll hits you with a cursed -1 flail!
* * * LOW HITPOINT WARNING * * *
You barely miss the adder.
The adder is heavily wounded.
The adder bites you.
* * * LOW HITPOINT WARNING * * *
Your crimson imp blinks!
You barely miss the adder.
The adder is heavily wounded.
The adder bites you.
* * * LOW HITPOINT WARNING * * *
The adder bites you.
You die...

........#####........#.
............>.......#.
......#####........#.
#55 #........#.
#####..#######........#.
...............#....#.#.
####.#g.#####..#........
.....#.Sg####..#..#.###.
#..g@g......#..#.....
#...#..####.# .. ..
#...... ..# #.. #.
#.....# ..# #.## #.###.
... .. #. #. ...# ..
.#.# . .#..


You could see 4 gnolls, an adder and 2 friendly crimson imps.

Vanquished Creatures
  An adder (D:2)
  An ooze (D:1)
  2 bats (D:1)
  2 goblins
  A hobgoblin (D:1)
  2 kobolds (D:1)
  3 frilled lizards (D:1)
  A rat (D:1)
13 creatures vanquished.

Vanquished Creatures (collateral kills)
  A hobgoblin (D:1)
  A kobold (D:1)
2 creatures vanquished.

Grand Total: 15 creatures vanquished

Notes
Turn   | Place    | Note
-------+----------+-------------------------------------------
     0 | D:1      | Forecaster the Naga Wizard began the quest for the Orb.
     0 | D:1      | Reached XP level 1. HP: 15/15 MP: 4/4
   322 | D:1      | Reached XP level 2. HP: 22/22 MP: 0/6
   326 | D:1      | Learned a level 2 spell: Call Imp
   329 | D:1      | Learned a level 2 spell: Blink
  1302 | D:2      | Reached XP level 3. HP: 16/28 MP: 2/8
  1569 | D:2      | Slain by an adder

Levels and vault maps discovered:
D:1:      wander_arrival_chamber, layout_basic, serial_glass, glass_columns_a,
          glass_columns_c, due_unseen_surprise, feat_on_display,
          item_on_display_a, minmay_strange_pillars, minmay_pentomino_q2
D:2:      layout_basic, lemuel_doored_altar, first_ration

Skill      XL: |  1  2 |
---------------+-------+-----
Dodging        | 2 |  2.0
Stealth        | |  3.0
Spellcasting   | |  3.6
Conjurations   | |  1.0
Summonings     | |  1.0
Translocations | |  1.1

Action                   || total
-------------------------++-------
Melee: Dagger            ||    18
 Cast: Magic Dart        ||    21
       Blink             ||    18
       Call Imp          ||     7
 Stab: Sleeping          ||     2
  Eat: Chunk             ||     1
Armor: Leather armour    ||     4
Dodge: Dodged            ||    11

Table legend:
 A = Non-vault XP
 B = Vault XP
 C = Vault XP percentage of total XP
 D = Non-vault monster count
 E = Vault monster count
 F = Vault count percentage of total count
                 A         B        C        D         E       F
            +---------+---------+-------+---------+---------+-------
      Total |      40 |       0 |   0.0 |      15 |       0 |   0.0
            +---------+---------+-------+---------+---------+-------
        D:1 |      25 |       0 |   0.0 |      13 |       0 |   0.0
        D:2 |      15 |       0 |   0.0 |       2 |       0 |   0.0
            +---------+---------+-------+---------+---------+-------
